 Dungeon Crawl Stone Soup version 0.23-a0-171-g5ae17c6 (webtiles) character file.

99061 Amnesiac the Destroyer (level 15, -4/100 HPs)
             Began as a Mummy Ice Elementalist on Sept 15, 2018.
             Was the Champion of Vehumet.
             Killed from afar by a deep elf mage (28 damage)
             ... with a bolt of lightning
             ... on level 1 of the Elven Halls.
             The game lasted 01:01:18 (23839 turns).

Amnesiac the Destroyer (Mummy Ice Elementalist)    Turns: 23839, Time: 01:01:19

Health: -4/100     AC:  9    Str: 13    XL:     15   Next: 76%
Magic:  3/42       EV: 13    Int: 22    God:    Vehumet [******]
Gold:   2991       SH:  5    Dex: 13    Spells: 3/42 levels left

rFire    x . .     SeeInvis .   w - staff of conjuration
rCold    + + .     Gourm    .   N - +0 buckler
rNeg     + + +     Faith    .   e - +2 leather armour {rF+}
rPois    ∞         Spirit   .   L - +2 hat {Int+3}
rElec    .         Reflect  .   O - scarf {repulsion}
rCorr    .         Harm     .   g - +0 pair of gloves
MR       +....                  p - +0 pair of boots
Stlth    ++........             t - amulet of magic regeneration
HPRegen  0.26/turn              G - ring of ice
MPRegen  0.53/turn              u - ring of magical power

@: no potions, repel missiles
A: no food or potions, fire vulnerability, cold resistance 1, negative energy
resistance 3, torment resistance, unbreathing, in touch with death 1
a: Renounce Religion


You were on level 1 of the Elven Halls.
You worshipped Vehumet.
Vehumet was exalted by your worship.
You were not hungry.

You visited 5 branches of the dungeon, and saw 22 of its levels.
You also visited: Bailey.

You collected 2991 gold pieces.

Inventory:

Hand Weapons
 b - a +1 scimitar of flaming
Missiles
 r - 14 throwing nets (quivered)
 K - 2 curare-tipped needles
Armour
 e - a +2 leather armour of fire resistance (worn)
 g - a +0 pair of gloves (worn)
 i - a scarf of resistance
 n - a +2 robe of magic resistance
 p - a +0 pair of boots (worn)
 C - a +2 robe of magic resistance
 L - a +2 hat of intelligence (worn)
 N - a +0 buckler (worn)
 O - a scarf of repulsion (worn)
Magical Staves
 a - an uncursed staff of cold
 w - an uncursed staff of conjuration (weapon)
 S - an uncursed staff of wizardry
Jewellery
 s - an uncursed ring of fire
 t - an amulet of magic regeneration (around neck)
 u - a ring of magical power (right hand)
 x - an uncursed ring of fire
 A - an uncursed amulet of the acrobat
 G - a ring of ice (left hand)
 M - a +4 ring of intelligence
Wands
 h - a wand of flame (36)
 o - a wand of acid (6)
 z - a wand of enslavement (25)
 B - a wand of polymorph (49)
 D - a wand of paralysis (20)
 F - a wand of iceblast (8)
 I - a wand of random effects (34)
 P - a wand of disintegration (15)
Scrolls
 c - 7 scrolls of remove curse {!r}
 d - 6 scrolls of teleportation {!r}
 f - a scroll of vulnerability {!r}
 j - 4 scrolls of magic mapping {!r}
 k - 6 scrolls of enchant armour {!r}
 l - 6 scrolls of blinking {!r}
 m - 11 scrolls of identify {!r}
 q - 3 scrolls of fog {!r}
 v - 6 scrolls of amnesia {!r}
 y - 2 scrolls of acquirement {!r}
 H - 2 scrolls of silence {!r}
 J - a scroll of brand weapon {!r}
 Q - a scroll of fear {!r}
Miscellaneous
 E - a phial of floods


   Skills:
 - Level 4.0 Fighting
 - Level 4.0 Dodging
 - Level 1.5 Stealth
 - Level 4.0 Shields
 + Level 14.4 Spellcasting
 * Level 14.5 Conjurations
 * Level 14.4 Ice Magic


You had 3 spell levels left.
You knew the following spells:

 Your Spells              Type           Power        Failure   Level  Hunger
a - Throw Icicle          Conj/Ice       ########     1%          4    N/A
b - Confusing Touch       Hex            ###...       4%          1    N/A
c - Freeze                Ice            ####         0%          1    N/A
d - Bolt of Cold          Conj/Ice       ########..   1%          6    N/A
e - Ozocubu's Refrigerat  Ice            #######...   1%          6    N/A
f - Mephitic Cloud        Conj/Pois/Air  ######..     1%          3    N/A
g - Summon Butterflies    Summ           ###.....     4%          1    N/A
h - Apportation           Tloc           ###...       4%          1    N/A
q - Throw Frost           Conj/Ice       ######       0%          2    N/A
s - Conjure Flame         Conj/Fire      ######..     1%          3    N/A
v - Blink                 Tloc           N/A          8%          2    N/A
w - Freezing Cloud        Conj/Ice/Air   #######...   4%          6    N/A
z - Ozocubu's Armour      Chrm/Ice       ######..     1%          3    N/A

Your spell library contained the following spells:

 Spells                   Type           Power        Failure   Level  Hunger
 Poison Arrow             Conj/Pois      ######....   11%         6    N/A
 Magic Dart               Conj           ####         0%          1    N/A
 Shock                    Conj/Air       ####         1%          1    N/A
 Ensorcelled Hibernation  Hex/Ice        ######       1%          2    N/A
 Dazzling Spray           Conj/Hex       ######       1%          3    N/A
 Animate Skeleton         Necr           N/A          4%          1    N/A
 Corona                   Hex            ###....      4%          1    N/A
 Infusion                 Chrm           ###.         4%          1    N/A
 Summon Small Mammal      Summ           ###.         4%          1    N/A
 Inner Flame              Hex/Fire       ###.....     4%          3    N/A
 Call Imp                 Summ           ###.....     8%          2    N/A
 Shroud of Golubria       Chrm/Tloc      ###.......   8%          2    N/A
 Slow                     Hex            ###.....     8%          2    N/A
 Song of Slaying          Chrm           ###.....     8%          2    N/A
 Sticks to Snakes         Tmut           ###.....     8%          2    N/A
 Confuse                  Hex            ###.....     14%         3    N/A
 Gell's Gravitas          Tloc           ###.......   14%         3    N/A
 Lesser Beckoning         Tloc           ###.......   14%         3    N/A
 Portal Projectile        Hex/Tloc       ###...       14%         3    N/A
 Spectral Weapon          Hex/Chrm       ###.....     14%         3    N/A
 Tukima's Dance           Hex            ###.....     14%         3    N/A
 Summon Ice Beast         Ice/Summ       ######..     2%          4    N/A
 Metabolic Englaciation   Hex/Ice        ######....   7%          5    N/A
 Bolt of Fire             Conj/Fire      ######....   11%         6    N/A
 Iron Shot                Conj/Erth      ######....   11%         6    N/A
 Yara's Violent Unravell  Hex/Tmut       ###.......   32%         5    N/A
 Cause Fear               Hex            ###.......   43%         4    N/A
 Leda's Liquefaction      Hex/Erth       ###.......   43%         4    N/A
 Petrify                  Tmut/Erth      ###.....     43%         4    N/A
 Alistair's Intoxication  Tmut/Pois      ###.....     80%         5    N/A
 Invisibility             Hex            ###.....     100%        6    N/A
 Beastly Appendage        Tmut           Unusable     N/A         1    N/A
 Regeneration             Chrm/Necr      Unusable     N/A         3    N/A
 Spider Form              Tmut/Pois      Unusable     N/A         3    N/A
 Ice Form                 Ice/Tmut       Unusable     N/A         4    N/A
 Blade Hands              Tmut           Unusable     N/A         5    N/A

Dungeon Overview and Level Annotations

Branches:
Dungeon (12/15)            Temple (1/1) D:4            Lair (6/6) D:10
 Shoals (0/4) Lair:2       Spider (0/4) Lair:2        Slime (0/5) Lair:5
    Orc (2/2) D:12            Elf (1/3) Orc:2

Altars:
Cheibriados
Dithmenos
Elyvilon
Fedhas
Gozag
Hepliaklqana
Kikubaaqudgha
Makhleb
Nemelex Xobeh
Okawaru
Qazlal
Ru
Sif Muna
Trog
Uskayaw
Vehumet
Wu Jian
Xom
Yredelemnul
Zin
The Shining One

Shops:
D:4 !   D:7 [   D:12 *   Orc:2 %(*?*

Annotations:
D:3 dig/passwall
D:4 dig to quazits
D:9 Nib's ghost, novice SpEn


Innate Abilities, Weirdness & Mutations

You do not eat or drink.
Your flesh is vulnerable to fire.
You are immune to poison.
Your flesh is cold resistant. (rC+)
You are immune to negative energy. (rN+++)
You are immune to unholy pain and torment.
You can survive without breathing.
You are in touch with the powers of death.


Message History

The deep elf mage and the deep elf demonologist are frozen.
The deep elf mage is heavily wounded.
The deep elf demonologist is severely wounded.
The deep elf demonologist gestures wildly while chanting.
Casting: Ozocubu's Refrigeration (safe; 1% risk of failure)
Confirm with . or Enter, or press ? or * to list all spells.
You feel a surge of power!
The heat is drained from your surroundings.
You resist.
You feel very cold.
The deep elf mage, the tormentor and the deep elf demonologist are frozen.
The deep elf mage is almost dead.
The tormentor is heavily wounded.
The deep elf demonologist is almost dead.
The deep elf demonologist gestures at you while chanting.
You easily resist.
The tormentor says, "I will eat your liver."
The deep elf mage mumbles some strange words.
The deep elf mage blinks!
Casting: Ozocubu's Refrigeration (safe; 1% risk of failure)
Confirm with . or Enter, or press ? or * to list all spells.
You feel a surge of power!
The heat is drained from your surroundings.
You resist.
You feel very cold.
The tormentor and the deep elf demonologist are frozen.
You kill the tormentor!
You kill the deep elf demonologist!
Vehumet accepts your kill.
You feel your power returning.
Casting: Ozocubu's Refrigeration (safe; 1% risk of failure)
Confirm with . or Enter, or press ? or * to list all spells.
You feel a surge of power!
The heat is drained from your surroundings.
You resist.
You feel very cold.
The deep elf magi are frozen.
You kill the deep elf mage!
Vehumet accepts your kill.
The deep elf mage is heavily wounded.
Casting: Ozocubu's Refrigeration (safe; 1% risk of failure)
Confirm with . or Enter, or press ? or * to list all spells.
You feel a surge of power!
The heat is drained from your surroundings.
You resist.
You feel very cold.
* * * LOW HITPOINT WARNING * * *
The deep elf archer and the deep elf mage are frozen.
The deep elf archer is moderately wounded.
You kill the deep elf mage!
Vehumet accepts your kill.
The deep elf archer unwields an uncursed short sword.
The deep elf archer wields an uncursed shortbow.
The deep elf archer shoots an arrow.
The arrow hits you!!
* * * LOW HITPOINT WARNING * * *
Casting: Ozocubu's Refrigeration (safe; 1% risk of failure)
Confirm with . or Enter, or press ? or * to list all spells.
You feel a surge of power!
The heat is drained from your surroundings.
You resist.
You feel very cold.
* * * LOW HITPOINT WARNING * * *
The deep elf mage and the deep elf archer are frozen.
The deep elf mage is heavily wounded.
The deep elf archer is severely wounded.
The deep elf mage gestures wildly while chanting.
The deep elf mage blinks!
The deep elf archer shoots an arrow.
You block the arrow.
The deep elf mage points at you and mumbles some strange words.
The bolt of lightning hits you!
You die...

#.)###.#..#.. ..#..#.#
#..###.....$.. .......#
#.e###..#..#.. .#..#..#
#.e####..............##
#.e####..#..#..#..#..##
#...####E....$......###
#.#..####..........####
#.##..#####... ..#####.
#.###.@.##### #####...
#.........# #...[.
######....# #.....
#..#.# #.###) #..#.#
#..... #..#.# #..)).
#..#.# #.....
#..#.########.####
#..#..........#...


You could see a deep elf archer, 2 deep elf magi and an air elemental.

Vanquished Creatures
  Gastronok (Lair:3)
  A deep elf sorcerer (Elf:1)
  2 orc warlords
  A deep elf demonologist (Elf:1)
  Erolcha (D:10)
  Fannar (Lair:2)
  An ice dragon (Lair:5)
  Harold (D:9)
  8 hydras
  5 ogre magi
  13 two-headed ogres
  A centaur warrior (D:10)
  Erica (D:8)
  A dancing weapon (Elf:1)
  6 death yaks (Lair:6)
  Urug (Lair:5)
  Nergalle (Lair:3)
  4 deep elf knights (Elf:1)
  3 unseen horrors
  3 deep elf archers (Elf:1)
  2 lindwurms (Lair:6)
  2 orc sorcerers
  22 deep elf magi
  A cyclops (D:11)
  2 elephants (Lair:6)
  A manticore (Lair:2)
  8 black mambas
  A centaur skeleton (D:12)
  A torpor snail (Lair:6)
  An ice statue (Lair:5)
  13 spiny frogs
  5 rime drakes
  2 komodo dragons
  4 trolls
  11 polar bears
  2 jumping spiders (Lair:2)
  13 blink frogs
  4 raiju (Lair:6)
  3 hornets
  11 dream sheep
  7 hippogriffs
  4 spriggans
  4 wraiths
  An air elemental (Elf:1)
  A fire elemental (Elf:1)
  A shadow (D:12)
  2 redbacks (Lair:2)
  40 yaks
  2 wyverns
  3 basilisks
  4 vampire mosquitoes (D:12)
  3 hungry ghosts
  Menkaure (D:6)
  8 wargs
  13 hell hounds (Lair:6)
  9 porcupines
  12 water moccasins
  19 orc warriors
  7 sky beasts
  An eye of draining (D:9)
  15 ice beasts
  A phantom (D:10)
  12 black bears
  25 ogres
  16 wolves
  5 centaurs
  12 crocodiles
  3 big kobolds
  8 gnoll sergeants (Bailey)
  10 bullfrogs
  An earth elemental (Elf:1)
  3 scorpions
  15 killer bees
  14 wights
  3 howler monkeys
  An electric eel (D:7)
  7 crimson imps
  2 centaur zombies
  4 bullfrog zombies
  4 jellies
  6 gnoll shamans (Bailey)
  18 orc priests
  A wyvern simulacrum (D:9)
  8 hounds
  19 orc wizards
  4 bullfrog skeletons
  6 iguanas
  Terence (D:2)
  4 hell rats (Lair:4)
  14 worker ants
  A killer bee zombie (D:8)
  A hound zombie (D:4)
  A hound skeleton (D:7)
  14 gnolls (Bailey)
  A howler monkey skeleton (D:5)
  11 adders
  5 shadow imps
  5 white imps
  2 oozes
  2 adder skeletons
  An adder zombie (D:8)
  2 worms
  A dart slug (D:3)
  11 leopard geckos
  76 orcs
  12 bats
  7 giant cockroaches
  11 goblins
  8 hobgoblins
  20 jackals
  31 kobolds
  5 quokkas
  2 ball pythons
  A ball python skeleton (D:4)
  2 frilled lizards
  A leopard gecko skeleton (D:5)
  2 quokka zombies
  9 rats
  5 plants
799 creatures vanquished.

Vanquished Creatures (others)
  An orc (D:7)
  A fungus (Lair:2)
  10 plants
12 creatures vanquished.

Grand Total: 811 creatures vanquished

Notes
Turn   | Place    | Note
-------+----------+-------------------------------------------
     0 | D:1      | Amnesiac the Mummy Ice Elementalist began the quest for the
                  | Orb.
     0 | D:1      | Reached XP level 1. HP: 13/13 MP: 4/4
   134 | D:2      | Reached XP level 2. HP: 16/19 MP: 3/5
   141 | D:3      | Learned a level 2 spell: Throw Frost
   614 | D:2      | Reached XP level 3. HP: 5/24 MP: 0/7
  1071 | D:4      | Learned a level 3 spell: Ozocubu's Armour
  1241 | D:4      | Reached XP level 4. HP: 29/30 MP: 4/9
  1252 | D:4      | Learned a level 4 spell: Throw Icicle
  1340 | D:4      | Reached XP level 5. HP: 28/35 MP: 8/11
  1449 | D:4      | Found a staircase to the Ecumenical Temple.
  1462 | D:4      | Noticed an ogre
  1473 | Temple   | Entered the Ecumenical Temple
  1488 | Temple   | Became a worshipper of Vehumet
  1510 | D:4      | Noticed an ogre
  2267 | D:1      | Reached * piety under Vehumet
  2267 | D:1      | Offered knowledge of Flame Tongue by Vehumet.
  2362 | D:2      | Found a sacrificial altar of Ru.
  2409 | D:2      | Found a burning altar of Makhleb.
  2409 | D:2      | Found a basalt altar of Yredelemnul.
  2442 | D:2      | Noticed Terence
  2448 | D:2      | Killed Terence
  2896 | D:3      | Found a faded altar of an unknown god.
  3299 | D:3      | Learned a level 1 spell: Confusing Touch
  3346 | D:4      | Found Efim's Distillery.
  3399 | D:4      | Reached XP level 6. HP: 41/41 MP: 13/13
  3426 | D:4      | Noticed a fire elemental
  3493 | D:4      | Reached skill level 5 in Ice Magic
  3547 | D:4      | Reached skill level 5 in Spellcasting
  3699 | D:4      | Found a stormy altar of Qazlal.
  3700 | D:4      | Noticed a water elemental
  3700 | D:4      | Noticed an air elemental
  3867 | D:5      | Entered Level 5 of the Dungeon
  3874 | D:5      | Reached XP level 7. HP: 46/46 MP: 11/15
  3980 | D:5      | Reached ** piety under Vehumet
  3993 | D:5      | Reached skill level 1 in Conjurations
  4126 | D:5      | HP: 2/46 [wight/spear of freezing (1)]
  4147 | D:5      | Offered knowledge of Sting by Vehumet.
  4883 | D:5      | Reached XP level 8. HP: 52/52 MP: 17/17
  5219 | D:6      | Reached skill level 5 in Conjurations
  5454 | D:6      | Offered knowledge of Dazzling Spray by Vehumet.
  5673 | D:6      | Got a blackened chain mail
  5680 | D:6      | Reached *** piety under Vehumet
  5697 | D:6      | Identified the +2 chain mail of Qazlal's Vengeance {rCorr
                  | Str+3} (You found it on level 6 of the Dungeon)
  5760 | D:6      | Noticed a cyclops
  5807 | D:6      | Found an ornate altar of the Wu Jian Council.
  5917 | D:6      | Noticed Menkaure
  5922 | D:6      | Killed Menkaure
  6248 | D:7      | Reached XP level 9. HP: 39/57 MP: 4/18
  6262 | D:7      | Offered knowledge of Fulminant Prism by Vehumet.
  6303 | D:7      | Found Urghauzukh's Antique Armour Emporium.
  6377 | D:7      | Found a burning altar of Makhleb.
  6914 | D:8      | Reached **** piety under Vehumet
  6960 | D:8      | Found a sparkling altar of Nemelex Xobeh.
  6961 | D:8      | Found a hide-covered altar of Uskayaw.
  6961 | D:8      | Found a blossoming altar of Fedhas.
  6972 | D:8      | Noticed Erica
  7111 | D:8      | Offered knowledge of Stone Arrow by Vehumet.
  7116 | D:8      | Found a flagged portal.
  7132 | Bailey   | Entered a bailey
  7729 | Bailey   | Reached XP level 10. HP: 63/63 MP: 7/21
  9001 | D:8      | Found an opulent altar of Gozag.
  9056 | D:8      | Killed Erica
  9654 | D:9      | Found a bloodstained altar of Trog.
  9729 | D:9      | Noticed Harold
  9738 | D:9      | Killed Harold
  9738 | D:9      | Reached skill level 1 in Fighting
  9811 | D:9      | Found a runed gate.
  9812 | D:9      | Found a runed gate.
  9813 | D:9      | Found a runed gate.
  9901 | D:9      | Reached ***** piety under Vehumet
 10200 | D:9      | Offered knowledge of Freezing Cloud by Vehumet.
 10245 | D:9      | Learned a level 6 spell: Freezing Cloud
 10295 | D:9      | Noticed Nib's ghost (novice SpEn)
 10484 | D:9      | Learned a level 3 spell: Conjure Flame
 10487 | D:9      | Learned a level 2 spell: Blink
 10491 | D:9      | Learned a level 3 spell: Mephitic Cloud
 10591 | D:10     | Entered Level 10 of the Dungeon
 10860 | D:10     | Noticed an ogre mage
 10871 | D:10     | Reached XP level 11. HP: 66/73 MP: 23/23
 11108 | D:10     | Noticed a centaur warrior
 11117 | D:10     | Killed a centaur warrior
 11684 | D:10     | Noticed Erolcha
 11706 | D:10     | Killed Erolcha
 11751 | D:10     | Noticed a two-headed ogre
 11757 | D:10     | Killed a two-headed ogre
 11891 | D:10     | Found a staircase to the Lair.
 12151 | D:10     | Noticed a two-headed ogre
 12155 | D:10     | Killed a two-headed ogre
 12309 | D:10     | Killed an unseen horror
 12309 | D:10     | Reached skill level 10 in Conjurations
 12309 | D:10     | Reached skill level 10 in Ice Magic
 12384 | D:10     | Noticed a two-headed ogre
 12389 | D:10     | Killed a two-headed ogre
 12389 | D:10     | Reached skill level 10 in Spellcasting
 12678 | D:10     | Killed an ogre mage
 12678 | D:10     | Reached skill level 1 in Shields
 12678 | D:10     | Reached XP level 12. HP: 80/83 MP: 21/26
 12839 | Lair:1   | Entered Level 1 of the Lair of Beasts
 13652 | Lair:2   | Noticed a seven-headed hydra
 13653 | Lair:2   | Noticed Fannar
 13683 | Lair:2   | Found a staircase to the Shoals.
 13773 | Lair:2   | Killed a seven-headed hydra
 13827 | Lair:2   | Killed Fannar
 14014 | Lair:2   | Found a hole to the Spider Nest.
 14223 | Lair:2   | Noticed a four-headed hydra
 14226 | Lair:2   | Killed a four-headed hydra
 14604 | Lair:3   | Offered knowledge of Conjure Ball Lightning by Vehumet.
 14658 | Lair:3   | Noticed Gastronok
 14680 | Lair:3   | Killed Gastronok
 14784 | Lair:3   | Noticed Nergalle
 14791 | Lair:3   | Killed Nergalle
 15045 | Lair:3   | Noticed a seven-headed hydra
 15051 | Lair:3   | Killed a seven-headed hydra
 15051 | Lair:3   | Gained mutation: You are in touch with the powers of death.
                  | [Mummy growth]
 15051 | Lair:3   | Reached XP level 13. HP: 88/88 MP: 8/28
 16437 | Lair:5   | Noticed Urug
 16442 | Lair:5   | Killed Urug
 16497 | Lair:5   | Found a staircase to the Slime Pits.
 17171 | Lair:5   | Identified Vigerat's Volume of Excruciating Beguiling
 17457 | Lair:6   | Entered Level 6 of the Lair of Beasts
 17463 | Lair:6   | Offered knowledge of Bolt of Cold by Vehumet.
 17471 | Lair:6   | Learned a level 6 spell: Bolt of Cold
 18043 | Lair:6   | Reached XP level 14. HP: 95/95 MP: 29/30
 18765 | Lair:6   | Offered knowledge of Yara's Violent Unravelling by Vehumet.
 19075 | Lair:6   | Got a vibrating ivory ring
 19077 | Lair:6   | Identified the ring "Pabb" {Dex+2 Stlth+} (You found it on
                  | level 6 of the Lair of Beasts)
 20069 | D:11     | Reached ****** piety under Vehumet
 20222 | D:12     | Offered knowledge of Ozocubu's Refrigeration by Vehumet.
 20233 | D:12     | Learned a level 6 spell: Ozocubu's Refrigeration
 20295 | D:12     | Learned a level 1 spell: Summon Butterflies
 20297 | D:12     | Learned a level 1 spell: Apportation
 20299 | D:12     | Found Ixkoxtom's Demolitions Depot.
 20459 | D:12     | Found a staircase to the Orcish Mines.
 20468 | D:12     | Got an encrusted flail
 20636 | D:12     | Identified the +7 flail of Responsibility {vamp, Dex+6}
                  | (You found it on level 12 of the Dungeon)
 21066 | Orc:1    | Entered Level 1 of the Orcish Mines
 21162 | Orc:2    | Entered Level 2 of the Orcish Mines
 21191 | Orc:2    | Found a staircase to the Elven Halls.
 21215 | Orc:2    | Found Nen Beon's Food Shop.
 21520 | Orc:2    | Noticed an orc warlord
 21550 | Orc:2    | Killed an orc warlord
 21677 | Orc:2    | Reached XP level 15. HP: 87/100 MP: 17/32
 21678 | Orc:2    | Offered knowledge of Spellforged Servitor by Vehumet.
 21894 | Orc:2    | Found Hueval's General Store.
 21894 | Orc:2    | Found Quen's Magic Scroll Shop.
 21895 | Orc:2    | Found Boug's General Store.
 21895 | Orc:2    | Found Tacsel's Weapon Emporium.
 22386 | Orc:1    | Noticed an orc warlord
 22393 | Orc:1    | Killed an orc warlord
 22768 | Elf:1    | Entered Level 1 of the Elven Halls
 23270 | Elf:1    | Noticed a deep elf sorcerer
 23274 | Elf:1    | Killed a deep elf sorcerer
 23339 | Elf:1    | Found a radiant altar of Vehumet.
 23437 | Elf:1    | Identified 3 scrolls of acquirement {!r}
 23563 | Elf:1    | Offered knowledge of Poison Arrow by Vehumet.
 23839 | Elf:1    | Killed from afar by a deep elf mage

Vault maps used:
D:1:      lightli_arrival_flooded_house, item_on_display_a
D:2:      lemuel_crystal_altar, gammafunk_temple_overflow_elements,
          first_ration, uniq_terence
D:3:      chequers_ecumenical_altar_simple_redux, due_unseen_surprise
D:4:      cheibrodos_quashed, temple_green, serial_shops, shop,
          nicolae_qazlal_style_of_elements
D:5:      minmay_diamond_boxcup
D:6:      kennysheep_little_box, lightli_corner_chamber, uniq_menkaure
D:7:      serial_shops, shop, the_bakery, kennysheep_big_empty_room,
          makhleb_heckhound_becter
D:8:      nicolae_overflow_quartered_altars, enter_bailey_3, uniq_erica
D:9:      bloody_trog, gammafunk_ghost_icy, uniq_harold
D:10:     cheibrodos_fzero, lair_entry_dummy, uniq_erolcha
D:11:     minivault_11
D:12:     david_orc_1_choice, nicolae_blasting_shop
Temple:   cyrus_circular_temple
Lair:1:   minmay_stone_trees_small
Lair:2:   minmay_shoals_entry_beasts, spider_nest_entry_funnel_web,
          serial_bayou_shore_a, uniq_fannar
Lair:3:   st_stairs_9, minmay_holes, ldierk_geyser, serial_bayou_pond_a,
          uniq_nergalle, uniq_gastronok
Lair:4:   wad_woods_02, grunt_megastairs_1
Lair:5:   dpeg_slime_entry_corner, serial_bayou_pond_a, ice2_lemuel,
          grunt_megastairs_5, uniq_urug
Lair:6:   hangedman_lair_in_review, hangedman_lair_caniforms_friends,
          bh_autumn_forest_stairs, guppyfry_lair_drakes
Orc:1:    minmay_orc_barracks
Orc:2:    st_orc_ogre_mass, serial_shops, nicolae_shop_waterfront
Elf:1:    serial_shops, nicolae_shop_stone, basic_altar, minmay_elf_sorcery
Bailey:   bailey_polearm_gnolls_kennysheep, bailey

Skill      XL: |  1  2  3  4  5  6  7  8  9 10 11 12 13 14 15 |
---------------+----------------------------------------------+-----
Ice Magic      | 3 4 5 6 7 8 10 11 12 13 14 | 14.4
Spellcasting   | 3 4 5 6 7 8 10 11 12 13 14 | 14.4
Conjurations   | 3 6 7 8 10 11 12 13 14 | 14.5
Dodging        | 2 3 4 |  4.0
Fighting       | 2 4 |  4.0
Shields        | 1 3 4 |  4.0
Stealth        | |  1.5

Action                   |  1- 3 |  4- 6 |  7- 9 | 10-12 | 13-15 || total
-------------------------+-------+-------+-------+-------+-------++-------
Melee: Unarmed           |    12 |       |       |       |       ||    12
       Great sword       |       |       |     4 |    11 |       ||    15
       Scimitar          |       |       |       |    18 |     4 ||    22
       Staff             |       |       |       |       |    19 ||    19
 Fire: Hunting sling     |    20 |   134 |   164 |       |       ||   318
 Cast: Freeze            |    56 |    38 |    61 |    23 |       ||   178
       Throw Frost       |       |     7 |       |       |     2 ||     9
       Throw Icicle      |       |       |   130 |   426 |   294 ||   850
       Ozocubu's Armour  |       |       |     1 |       |       ||     1
       Blink             |       |       |       |     2 |     4 ||     6
       Freezing Cloud    |       |       |       |     2 |     2 ||     4
       Bolt of Cold      |       |       |       |       |   187 ||   187
       Ozocubu's Refrige |       |       |       |       |    69 ||    69
Evoke: Wand              |       |     6 |    24 |    13 |     6 ||    49
       Phial of floods   |       |       |       |     1 |       ||     1
  Use: Scroll            |     1 |    10 |     4 |     6 |     3 ||    24
Armor: Robe              |    16 |    12 |    14 |       |       ||    42
       Leather armour    |       |       |    21 |    40 |     2 ||    63
       Troll leather arm |       |       |       |    24 |    32 ||    56
Dodge: Dodged            |    49 |    24 |    74 |   173 |    78 ||   398
       Deflected         |       |       |       |       |    12 ||    12
Block: Buckler           |       |       |       |       |    32 ||    32
       Rpst.: Great sword |       |       |     1 |     4 |       ||     5
       Scimitar          |       |       |       |    44 |     2 ||    46

Table legend:
 A = Non-vault XP
 B = Vault XP
 C = Vault XP percentage of total XP
 D = Non-vault monster count
 E = Vault monster count
 F = Vault count percentage of total count
                 A         B        C        D         E       F
            +---------+---------+-------+---------+---------+-------
      Total |   76591 |   64925 |  45.9 |     544 |     250 |  31.5
            +---------+---------+-------+---------+---------+-------
        D:1 |      40 |       0 |   0.0 |      20 |       0 |   0.0
        D:2 |      54 |      36 |  40.0 |      26 |       1 |   3.7
        D:3 |      77 |       0 |   0.0 |      34 |       0 |   0.0
        D:4 |     493 |       0 |   0.0 |      14 |       0 |   0.0
        D:5 |     866 |     148 |  14.6 |      30 |       7 |  18.9
        D:6 |     733 |     172 |  19.0 |      20 |       1 |   4.8
        D:7 |    1076 |     274 |  20.3 |      25 |       2 |   7.4
        D:8 |    1834 |     910 |  33.2 |      35 |       5 |  12.5
        D:9 |    1357 |    1737 |  56.1 |      22 |      11 |  33.3
       D:10 |    6400 |    4827 |  43.0 |      47 |      15 |  24.2
       D:11 |    4549 |       0 |   0.0 |      51 |       0 |   0.0
       D:12 |    5558 |     829 |  13.0 |      29 |       9 |  23.7
     Lair:1 |    1859 |       0 |   0.0 |       8 |       0 |   0.0
     Lair:2 |    3683 |    2651 |  41.9 |      12 |       7 |  36.8
     Lair:3 |    4725 |    3999 |  45.8 |      17 |       5 |  22.7
     Lair:4 |    2151 |    1003 |  31.8 |      13 |       5 |  27.8
     Lair:5 |    5075 |    4103 |  44.7 |      20 |      14 |  41.2
     Lair:6 |   13410 |   21240 |  61.3 |      39 |      81 |  67.5
      Orc:1 |    1227 |    2216 |  64.4 |      26 |      17 |  39.5
      Orc:2 |    3653 |   14924 |  80.3 |      29 |      32 |  52.5
      Elf:1 |   17771 |    4634 |  20.7 |      27 |       8 |  22.9
     Bailey |       0 |    1222 | 100.0 |       0 |      30 | 100.0
            +---------+---------+-------+---------+---------+-------
